Map: [ESL] Tropical Sacrifice

Players

Hellraiser

  • Race: Protoss Protoss
  • Spawn Location: 1:00

HeroMarine - Winner!

  • Race: Terran Terran
  • Spawn Location: 7:00

Event: DreamHack SC2 Masters 2022 Atlanta (Online)

VOD

Have the link to the VOD?

Description

Time

  • Played on: Oct. 5, 2022, 1:47 p.m.
  • Length: 6:23

All games in this series

Show
View Real Time Build Order
Export as new Build Order

Hellraiser Protoss 

Build Orders: Phoenix Opening, Colossus Rush 

Get SALT Encoding   

  12  0:00  Probe  
  13  0:12  Probe  
  14  0:17  Pylon  
  14  0:24  Probe (Chrono Boost)  
  15  0:36  Probe (Chrono Boost)  
  15  0:38  Gateway  
  16  0:44  Probe (Chrono Boost)  
  16  0:48  Assimilator  
  17  0:50  Probe  
  18  1:03  Probe  
  19  1:06  Assimilator  
  19  1:15  Probe  
  20  1:25  Cybernetics Core  
  20  1:27  Probe  
  21  1:34  Pylon  
  21  1:39  Probe  
  22  1:56  Nexus  
  22  2:00  Adept (Chrono Boost)  
  24  2:12  Stargate  
  24  2:15  Probe  
  25  2:24  Stalker  
  25  2:27  Probe  
  28  2:39  Probe  
  29  2:51  Probe  
  30  3:04  Probe  
  31  3:07  Phoenix (Chrono Boost)  
  31  3:08  Probe  
  31  3:11  Adept, Robotics Facility  
  36  3:16  Probe  
  34  3:20  Probe  
  34  3:25  Phoenix (Chrono Boost)  
  36  3:30  Probe  
  36  3:34  Probe (Chrono Boost)  
  35  3:43  Phoenix  
  35  3:48  Probe x2 (Chrono Boost)  
  40  3:56  Probe (Chrono Boost)  
  40  3:58  Observer, Probe (Chrono Boost)  
  42  4:04  Probe (Chrono Boost)  
  46  4:10  Probe (Chrono Boost)  
  46  4:17  Pylon  
  46  4:20  Probe (Chrono Boost)  
  46  4:21  Robotics Bay  
  46  4:24  Probe (Chrono Boost)  
  46  4:25  Assimilator  
  46  4:27  Warp Gate  
  46  4:29  Assimilator  
  46  4:32  Shield Battery  
  46  4:35  Probe (Chrono Boost)  
  48  4:41  Phoenix, Probe (Chrono Boost)  
  48  4:44  Probe (Chrono Boost)  
  51  4:48  Probe (Chrono Boost)  
  51  4:49  Probe (Chrono Boost)  
  53  4:53  Pylon  
  53  4:57  Observer  
  54  5:00  Pylon  
  54  5:11  Phoenix, Probe x2  
  58  5:17  Colossus (Chrono Boost)  
  64  5:23  Probe x2  
  66  5:35  Phoenix, Probe  
  67  5:37  Probe  
  67  5:40  Shield Battery  
  67  5:41  Gateway  
  70  5:52  Probe  
  70  5:55  Probe  
  70  5:59  Pylon x2  
  69  6:08  Pylon  
Show
View Real Time Build Order
Export as new Build Order

HeroMarine Terran - Winner!

Build Orders:  

Get SALT Encoding   

  12  0:00  SCV  
  13  0:12  SCV  
  14  0:17  Supply Depot  
  14  0:24  SCV  
  15  0:39  SCV, Barracks  
  16  0:44  Refinery  
  16  0:51  SCV  
  16  0:54  Refinery  
  17  1:03  SCV  
  18  1:15  SCV  
  19  1:26  Reaper  
  19  1:28  Supply Depot  
  19  1:29  Orbital Command  
  20  1:42  Factory  
  20  1:55  SCV  
  20  1:58  Reaper  
  22  2:07  SCV  
  23  2:17  Command Center  
  23  2:20  SCV  
  24  2:29  Hellion  
  26  2:32  SCV  
  26  2:36  Barracks Reactor  
  27  2:43  Supply Depot  
  27  2:44  SCV  
  28  2:49  Starport  
  28  2:56  SCV, Widow Mine  
  31  3:08  SCV  
  32  3:16  Marine x2  
  34  3:20  SCV  
  35  3:32  SCV, Factory Tech Lab  
  35  3:34  Medivac, Marine x2  
  39  3:45  SCV  
  39  3:51  Cyclone  
  39  3:52  Marine x2  
  39  3:53  Orbital Command  
  44  3:57  SCV  
  44  3:59  Supply Depot  
  45  4:05  Viking  
  45  4:09  SCV  
  48  4:10  Marine x2  
  50  4:19  SCV  
  50  4:21  SCV  
  50  4:23  Siege Tank  
  55  4:25  Supply Depot  
  55  4:27  Marine  
  55  4:28  Marine  
  57  4:31  SCV  
  57  4:34  SCV  
  57  4:35  Liberator  
  57  4:36  Supply Depot  
  62  4:46  SCV x2, Marine x2  
  62  4:47  Supply Depot  
  66  4:56  Siege Tank  
  66  4:58  SCV x2  
  71  5:04  Marine x2  
  73  5:09  Command Center  
  73  5:11  SCV x2  
  75  5:18  Supply Depot, Viking  
  77  5:23  SCV x2  
  77  5:26  Barracks  
  79  5:31  Siege Tank  
  79  5:35  SCV x2  
  84  5:41  Marine x2  
  86  5:46  Barracks  
  86  5:47  Engineering Bay  
  86  5:48  SCV x2  
  88  5:52  Refinery  
  88  5:54  Starport Tech Lab  
  88  5:59  Marine x2  
  88  6:02  SCV x2  
Tags
 
Add a new tag
Caveats
  • Supply blocks, unpowered buildings, or Contaminate may cause inaccurate times.
  • Supply counts are checked every 10 seconds.